 Dungeon Crawl Stone Soup version 0.21.1-1-g345015f (webtiles) character file.

121 Fang the Skirmisher (level 5, 0/49 HPs)
             Began as a Gargoyle Berserker on June 14, 2018.
             Was a Believer of Trog.
             Slain by a gnoll
             ... wielding a +0 halberd
              (6 damage)
             ... on level 3 of the Dungeon on June 15, 2018.
             The game lasted 00:05:51 (1976 turns).

Fang the Skirmisher (Gargoyle Berserker)            Turns: 1976, Time: 00:05:52

Health: 0/49       AC:  6    Str: 27    XL:     5   Next: 5%
Magic:  5/5        EV: 12    Int:  7    God:    Trog [**....]
Gold:   111        SH:  0    Dex:  9    Spells: 4/4 levels left

rFire    . . .     SeeInvis .   a - +0 hand axe
rCold    . . .     Gourm    .   (no shield)
rNeg     + . .     Faith    .   b - +0 animal skin
rPois    ∞         Spirit   .   (no helmet)
rElec    +         Reflect  .   (no cloak)
rCorr    .         Harm     .   (no gloves)
MR       .....                  (no boots)
Stlth    ..........             (no amulet)
HPRegen  0.16/turn              (no ring)
MPRegen  0.09/turn              (no ring)

@: berserking (expiring), very quick
A: negative energy resistance 1, electricity resistance, unbreathing,
petrification resistance, rot immunity, AC +4
a: Berserk, Trog's Hand, Burn Spellbooks, Renounce Religion


You were on level 3 of the Dungeon.
You worshipped Trog.
Trog was pleased with you.
You were very hungry.

You visited 1 branch of the dungeon, and saw 3 of its levels.

You collected 111 gold pieces.

Inventory:

Hand Weapons
 a - a +0 hand axe (weapon)
Armour
 b - a +0 animal skin (worn)
Jewellery
 f - a +5 ring of intelligence {unknown}
Scrolls
 e - 7 scrolls of identify {unknown}
 h - 3 scrolls of teleportation {unknown}
 i - a scroll of blinking {unknown}
 k - a scroll of enchant weapon {unknown}
Potions
 d - a potion of cancellation {unknown}
 g - a potion of curing {unknown}
 j - a potion of invisibility {unknown}
 l - a potion of brilliance {unknown}
 m - a potion of haste {unknown}
 n - a potion of agility {unknown}
Comestibles
 c - 6 rations


   Skills:
 + Level 4.2 Fighting
 + Level 3.8 Axes
 + Level 2.3 Armour
 + Level 2.3 Dodging
 + Level 0.7 Stealth


You had 4 spell levels left.
You didn't know any spells.

Dungeon Overview and Level Annotations

Branches:
Dungeon (3/15)

Altars:
Elyvilon
Gozag
Makhleb
Qazlal


Innate Abilities, Weirdness & Mutations

You are resistant to torment.
Your stone body is resilient. (AC +4)
You are immune to poison.
You resist negative energy. (rN+)
You are resistant to electric shocks. (rElec)
You can survive without breathing.
You are immune to petrification.
You are immune to rotting.


Message History

You barely miss the gnoll. The gnoll barely misses you.
The gnoll hits you but does no damage.
Unknown command.
The bat barely misses you. The gnoll hits you.
* * * LOW HITPOINT WARNING * * *
You see here a scroll labeled EMPOTS ORCHO.
Unknown command.
You slash the gnoll!
You kill the gnoll!
Trog accepts your kill.
You have reached level 5!
You closely miss the gnoll. x2; You slash the goblin!
You kill the goblin!
Trog accepts your kill. The bat barely misses you.
The gnoll hits you but does no damage. The gnoll hits you.
* * * LOW HITPOINT WARNING * * *
An ooze comes into view.
The bat misses you. The gnoll hits you with a halberd.
You die...

.. ####..........
..........# #..........
..........########......
.......!...............#
.......................#
......................##
.........b............#
.J.....)..............#
.......@?.............#
.......g#g..###.......#
........#...# #.......#
......####### #########
...... ...... .....
.....


You could see 2 gnolls, an ooze and a bat.

Vanquished Creatures
  3 adders
  2 gnolls (D:3)
  An ooze (D:1)
  2 worms (D:2)
  4 dart slugs
  A leopard gecko (D:1)
  A giant cockroach (D:1)
  7 goblins
  2 hobgoblins
  8 jackals (D:1)
  9 bats
  3 frilled lizards
  6 kobolds
  8 rats
57 creatures vanquished.

Notes
Turn   | Place    | Note
-------+----------+-------------------------------------------
     0 | D:1      | Fang the Gargoyle Berserker began the quest for the Orb.
     0 | D:1      | Reached XP level 1. HP: 14/14 MP: 1/1
    59 | D:1      | Reached XP level 2. HP: 13/19 MP: 2/2
   431 | D:1      | Reached XP level 3. HP: 16/24 MP: 3/3
   499 | D:1      | Reached ** piety under Trog
   760 | D:1      | Reached skill level 4 in Fighting
  1347 | D:2      | Reached XP level 4. HP: 26/29 MP: 4/4
  1448 | D:2      | Found a white marble altar of Elyvilon.
  1450 | D:2      | Found an opulent altar of Gozag.
  1455 | D:2      | Found a stormy altar of Qazlal.
  1937 | D:3      | Found a burning altar of Makhleb.
  1975 | D:3      | Reached XP level 5. HP: 8/33 MP: 5/5
  1976 | D:3      | Slain by a gnoll

Skill      XL: |  1  2  3 |
---------------+----------+-----
Axes           | 3 |  3.8
Fighting       | 4 |  4.2
Dodging        | 2 |  2.3
Armour         | |  2.3
Stealth        | |  0.7

Action                   |  1- 3 |  4- 6 || total
-------------------------+-------+-------++-------
Melee: Hand axe          |   125 |    53 ||   178
Invok: Berserk           |     2 |     1 ||     3
  Eat: Chunk             |     3 |     2 ||     5
Armor: Animal skin       |    51 |    21 ||    72
Dodge: Dodged            |   119 |    35 ||   154
